 Dungeon Crawl Stone Soup version 0.29-a0-308-g4e025c60ea (webtiles) character file.

Game seed: 13684306826957619635

21 Colgate the Charlatan (level 2, -1/25 HPs)
             Began as a Naga Artificer on Mar 28, 2022.
             Succumbed to a goblin's poison
             ... on level 1 of the Dungeon.
             The game lasted 00:02:30 (569 turns).

Colgate the Charlatan (Naga Artificer)               Turns: 569, Time: 00:02:30

Health: -1/25      AC:  2    Str: 14    XL:     2   Next: 83%
Magic:  2/2        EV:  9    Int: 11    God:
Gold:   18         SH:  0    Dex: 11    Spells: 1/1 levels left

rFire   . . .      SeeInvis +     - Unarmed
rCold   . . .      Faith    .   (no shield)
rNeg    . . .      Spirit   .   b - +0 leather armour
rPois   +          Reflect  .   (no helmet)
rElec   .          Harm     .   (no cloak)
rCorr   .          Rampage  .   (no gloves)
Will    .....                   (no barding)
Stlth   ++........              (no amulet)
HPRegen 0.08/turn               a - +4 ring of slaying
MPRegen 0.08/turn               (no ring)

@: lethally poisoned (-1 -> -15), very slow
A: AC +0, large, see invisible, deformed body, poison resistance, slowness 2,
spit poison 1, naga tail 1
a: Spit Poison


You were on level 1 of the Dungeon.
You visited 1 branch of the dungeon, and saw 1 of its levels.

You collected 18 gold pieces.

Inventory:

Armour
 b - a +0 leather armour (worn)
 g - a +0 robe
Jewellery
 a - a +4 ring of slaying (left hand)
Wands
 c - a wand of flame (15)
 d - a wand of charming (15)
 e - a wand of iceblast (9) {@v2}
Scrolls
 f - a scroll of enchant weapon {unknown}
 h - a scroll of magic mapping {unknown}
 j - a scroll of teleportation {unknown}
 k - a scroll of identify {unknown}
Potions
 i - a potion of attraction {unknown}


   Skills:
 - Level 1.0 Fighting
 - Level 1.5 Armour
 - Level 0.7 Dodging
 - Level 2.0 Stealth
 + Level 2.2 Unarmed Combat
 - Level 3.0 Evocations


You had one spell level left.
You didn't know any spells.
Your spell library was empty.

Dungeon Overview and Level Annotations

Branches:
Dungeon (1/15)

Altars:


Innate Abilities, Weirdness & Mutations

Your serpentine skin is tough. (AC +0)
You have supernaturally acute eyesight. (SInv)
Armour fits poorly on your strangely shaped body.
Your system is resistant to poisons. (rPois)
You cover ground very slowly.
You can spit poison.
You have a snake-like lower body.


Message History

You see here a quokka corpse.
You now have 18 gold pieces (gained 8).
A goblin comes into view. It is wielding a +0 dagger.
The goblin shouts!
The splash of poison hits the goblin.
The goblin is poisoned.
You kill the goblin!
You start waiting.
You have got your breath back.
k - a scroll labelled MOEBESH KILATT
Things that are here:
a +0 dagger; a goblin corpse
Found a rapier.
You see here a +0 rapier.
Found a stone staircase leading down.
There is a stone staircase leading down here.
A goblin comes into view. It is wielding a +1 dagger of venom.
A hobgoblin and a quokka come into view.
Found a leather armour.
The goblin shouts!
You hear a shout!
A hobgoblin comes into view.
The splash of poison misses the quokka.
A bat comes into view.
The hobgoblin shouts!
You have got your breath back.
The splash of poison misses the quokka.
The quokka bites you. The quokka attacks as you move away!
The quokka bites you.
The goblin hits you with a +1 dagger of venom.
The quokka bites you but does no damage.
The hobgoblin hits you.
The goblin hits you with a +1 dagger of venom.
You are poisoned.
The goblin hits you with a +1 dagger of venom.
You are more poisoned.
The hobgoblin barely misses you. The quokka attacks as you move away!
The quokka barely misses you.
* * * LOW HITPOINT WARNING * * *
You feel very sick.
The quokka bites you but does no damage.
You have got your breath back.
You die...

#..........#
#..........#
#..........#
###..#..##...
##.#g.# #..g.#
##rg.# #...#
##.@#######
#.>.......
#.######## #.#
#.#
###############.#
................#
#################


You could see a quokka, 2 hobgoblins and a goblin.

Vanquished Creatures
  2 bats (D:1)
  2 endoplasms (D:1)
  2 giant cockroaches (D:1)
  3 goblins (D:1)
  2 hobgoblins (D:1)
  2 quokkas (D:1)
  3 ball pythons (D:1)
  A rat (D:1)
17 creatures vanquished.

Notes
Turn   | Place    | Note
-------+----------+-------------------------------------------
     0 | D:1      | Colgate the Naga Artificer began the quest for the Orb.
     0 | D:1      | Reached XP level 1. HP: 18/18 MP: 1/1
    74 | D:1      | Reached skill level 1 in Unarmed Combat
   137 | D:1      | Reached XP level 2. HP: 25/25 MP: 2/2
   569 | D:1      | Succumbed to a goblin's poison

Illustrated notes

Levels and vault maps discovered:
D:1:      wander_arrival_peaceful_grave, layout_basic,
          ebering_ecumenical_altar_mist, minmay_pentomino_t4

Skill      XL: |  1  2 |
---------------+-------+-----
Stealth        | 2 |  2.0
Unarmed Combat | 1 2 |  2.2
Fighting       | |  1.0
Armour         | |  1.5
Dodging        | |  0.7
Evocations     | |  3.0

Action                   || total
-------------------------++-------
Melee: Unarmed           ||    20
 Abil: Spit Poison       ||    22
Armor: Leather armour    ||    10
Dodge: Dodged            ||    12

Table legend: (Time is in decaauts)
 A = Elapsed time spent in this place.
 B = Non-inter-level travel time spent in this place.
 C = Inter-level travel time spent in this place.
 D = Time resting spent in this place.
 E = Time spent auto-exploring this place.
 F = Levels seen in this place.
 G = Mean time per level.
                   A        B        C        D        E       F      G
               +--------+--------+--------+--------+--------+-----+--------+
         Total |    693 |    693 |      0 |     19 |    485 |   1 |  693.0 |
       Dungeon |    693 |    693 |      0 |     19 |    485 |   1 |  693.0 |
               +--------+--------+--------+--------+--------+-----+--------+

Top non-repeatable levels by time:
     D:1: 693 daAuts
